 Dungeon Crawl Stone Soup version 0.29.0-4-gdea44cf6ec (webtiles) character file.

Game seed: 4126965415086073370

11369 qw the Cleaver (level 11, 0/68 HPs)
             Began as a Gargoyle Berserker on Sept 8, 2022.
             Was a Priest of Trog.
             Slain by a seven-headed hydra (5 damage)
             ... on level 2 of the Lair of Beasts.
             The game lasted 00:04:06 (11198 turns).

qw the Cleaver (Gargoyle Berserker)                Turns: 11198, Time: 00:04:06

Health: 0/68       AC: 34    Str: 24    XL:     11   Next: 76%
Magic:  11/11      EV:  7    Int:  7    God:    Trog [***...]
Gold:   545        SH: 17    Dex: 19    Spells: 10/10 levels left

rFire   . . .      SeeInvis .   s - +0 flail (protect)
rCold   . . .      Faith    .   p - +0 kite shield
rNeg    + + .      Spirit   .   g - +0 plate armour
rPois   inf        Reflect  +   (no helmet)
rElec   +          Harm     .   t - +2 cloak
rCorr   .          Rampage  .   r - +0 pair of gloves
Will    .....                   w - +0 pair of boots
Stlth   ..........              h - amulet of reflection
HPRegen 1.01/turn               l - ring of positive energy
MPRegen 0.12/turn               d - +6 ring of dexterity

@: about to teleport, under a protective aura, on berserk cooldown, slowed, very
slow
A: sickness immunity, AC +8, negative energy resistance 1, electricity
resistance, torment resistance 1, petrification resistance, agile 1, sense
surroundings 1, regeneration 1
a: Renounce Religion, Berserk, Trog's Hand


You were on level 2 of the Lair of Beasts.
You worshipped Trog.
Trog was most pleased with you.
You visited 2 branches of the dungeon, and saw 10 of its levels.

You collected 545 gold pieces.


Innate Abilities, Weirdness & Mutations

You are immune to sickness and miasma.
Your stone body is resilient. (AC +8)
You are immune to poison.
You resist negative energy. (rN+)
You are resistant to electric shocks. (rElec)
You are resistant to unholy torment.
You are immune to petrification.
You are agile. (Dex +4, Str/Int -1)
You passively map a small area around you.
Your natural rate of healing is unusually fast.


   Skills:
 + Level 8.1 Fighting
 - Level 11.0 Axes
 - Level 3.5 Throwing
 - Level 8.0 Armour
 - Level 3.1 Dodging
 - Level 10.0 Shields


You had 10 spell levels left.
You didn't know any spells.
Your spell library was empty.

Inventory:

Hand Weapons
 j - a +0 vampiric hand axe
 s - a +0 flail of protection (weapon)
Missiles
 f - 6 boomerangs (quivered)
 u - 2 javelins
Armour
 g - a +0 plate armour (worn)
 p - a +0 kite shield (worn)
 r - a +0 pair of gloves (worn)
 t - a +2 cloak (worn)
 w - a +0 pair of boots (worn)
Jewellery
 d - a +6 ring of dexterity (right hand)
 h - an amulet of reflection (around neck)
 l - a ring of positive energy (left hand)
Scrolls
 a - a scroll of identify
 o - 3 scrolls of teleportation
Potions
 b - a potion of mutation
 e - 5 potions of curing
 i - 4 potions of might
 k - a potion of magic {unknown}
 m - 3 potions of resistance
 q - a potion of haste {unknown}
 v - a potion of cancellation {unknown}

Dungeon Overview and Level Annotations

Branches:
Dungeon (8/15)             Temple (0/1) D:6            Lair (2/5) D:8
  Swamp: Lair:2-3    Shoals: Lair:2-3     Snake: Lair:2-3    Spider: Lair:2-3

Altars:
Ashenzari
Uskayaw
Yredelemnul

Annotations:
D:6 1 runed translucent door, Crazy Yiuf


Message History

The seven-headed hydra bites you but does no damage.
You block the seven-headed hydra's attack.
The seven-headed hydra bites you!
The seven-headed hydra completely misses you.
The seven-headed hydra bites you but does no damage.
You hit the seven-headed hydra.
The seven-headed hydra is severely wounded.
The seven-headed hydra bites you but does no damage.
You block the seven-headed hydra's attack. x2
The seven-headed hydra closely misses you.
The seven-headed hydra bites you but does no damage.
The seven-headed hydra bites you.
The seven-headed hydra bites you but does no damage. x2
The seven-headed hydra closely misses you.
The seven-headed hydra bites you but does no damage.
The seven-headed hydra bites you.
The seven-headed hydra barely misses you. x2
The seven-headed hydra closely misses you.
You sock the seven-headed hydra!
The seven-headed hydra is severely wounded.
You block the seven-headed hydra's attack. x2
The seven-headed hydra bites you but does no damage. x3
The seven-headed hydra bites you.
The seven-headed hydra bites you but does no damage.
You hit the seven-headed hydra but do no damage.
The seven-headed hydra is severely wounded.
You block the seven-headed hydra's attack.
The seven-headed hydra bites you but does no damage. x5
The seven-headed hydra bites you!
You block the seven-headed hydra's attack.
The seven-headed hydra bites you!
The seven-headed hydra bites you but does no damage. x3
You block the seven-headed hydra's attack.
The seven-headed hydra bites you.
11198 ||| READING 4 scrolls of teleportation.
As you read the scroll of teleportation, it crumbles to dust.
You feel strangely unstable.
You block the seven-headed hydra's attack. x2
The seven-headed hydra bites you.
You die...

##########
....##...######
.......#.#P...####
.......).....#...## *
.....P..........@%#
.................D.....#
*
%.......................
.................>......
*
.....)..................
........................
,
........................
,
......!.................
, ............. , , ,


You could see a seven-headed hydra.

Vanquished Creatures
  A hydra (Lair:1)
  A black mamba (Lair:1)
  4 cane toads (Lair:1)
  3 komodo dragons (Lair:1)
  A troll (D:8)
  5 blink frogs (Lair:1)
  Prince Ribbit (D:8)
  Eustachio (D:6)
  21 yaks
  Grum (D:8)
  3 basilisks
  Edmund (D:6)
  3 water moccasins
  2 ice beasts (D:5)
  2 orc warriors
  A sky beast (D:8)
  An ogre (D:5)
  3 wolves (D:8)
  A kobold brigand (D:7)
  Blork the orc (D:6)
  8 bullfrogs
  A gnoll sergeant (D:6)
  3 scorpions
  5 wights (D:8)
  11 howler monkeys
  2 jellies (D:7)
  3 hounds
  3 orc priests
  5 iguanas
  Natasha (D:2)
  6 orc wizards
  5 adders
  11 gnolls
  A shadow imp (D:5)
  A worm (D:3)
  2 dart slugs (D:4)
  25 orcs
  3 bats
  7 endoplasms
  2 giant cockroaches
  9 goblins
  5 hobgoblins
  3 jackals (D:3)
  8 kobolds
  3 quokkas
  5 ball pythons
  2 frilled lizards (D:1)
  2 rats (D:2)
199 creatures vanquished.

Vanquished Creatures (others)
  A kobold (D:7)
  21 fungi
  12 plants
34 creatures vanquished.

Grand Total: 233 creatures vanquished

Notes
Turn   | Place    | Note
-------+----------+-------------------------------------------
     0 | D:1      | qw the Gargoyle Berserker began the quest for the Orb.
     0 | D:1      | Reached XP level 1. HP: 14/14 MP: 1/1
     0 | D:1      | 0 ||| qw: Version: 0.1-a-112-g44dc6cd
     0 | D:1      | 0 ||| qw: Game counter: 6673
     0 | D:1      | 0 ||| qw: Always use a shield: true
     0 | D:1      | 0 ||| qw: Do Orc after D:15 true
     0 | D:1      | 0 ||| qw: Do second Lair branch before Depths: true
     0 | D:1      | 0 ||| qw: Lair rune preference: random
     0 | D:1      | 0 ||| qw: Plans: Normal
     0 | D:1      | 0 ||| PLANNING D:1-11
   141 | D:1      | 141 ||| INVOKING Berserk.
   141 | D:1      | HP: 3/21 [frozen (4)]
   441 | D:1      | 441 ||| Stepping ~*~*~tactically~*~*~ (stealth).
   443 | D:1      | 443 ||| INVOKING Berserk.
   447 | D:1      | Reached skill level 3 in Axes
   452 | D:1      | 452 ||| Stepping ~*~*~tactically~*~*~ (stealth).
   663 | D:1      | Reached XP level 2. HP: 19/19 MP: 2/2
  1111 | D:1      | 1111 ||| INVOKING Berserk.
  1324 | D:1      | 1324 ||| UPGRADING to +0 plate armour.
  1334 | D:1      | 1334 ||| DROPPING +0 animal skin.
  1335 | D:1      | 1335 ||| UPGRADING to amulet of reflection.
  1340 | D:1      | 1340 ||| READING 2 scrolls labelled ZILAZXAIPA.
  1341 | D:1      | 1341 ||| READING 2 scrolls labelled QOFFECHARI.
  1342 | D:1      | 1342 ||| READING scroll of brand weapon.
  1342 | D:1      | 1342 ||| BRANDING +0 hand axe of venom.
  1343 | D:1      | 1343 ||| READING scroll labelled KOTHEZYANK.
  1344 | D:1      | 1344 ||| READING scroll labelled WAINTEL GIHO.
  1349 | D:1      | 1349 ||| DRINKING 2 clear potions.
  1506 | D:2      | Reached XP level 3. HP: 20/23 MP: 3/3
  1596 | D:2      | 1596 ||| DROPPING +0 club.
  2074 | D:2      | Reached skill level 4 in Axes
  2091 | D:2      | Noticed Natasha
  2092 | D:2      | 2092 ||| INVOKING Berserk.
  2095 | D:2      | Killed Natasha
  2096 | D:2      | Reached XP level 4. HP: 28/28 MP: 4/4
  2502 | D:2      | 2502 ||| READING scroll labelled YTHREA SYRE.
  2503 | D:2      | 2503 ||| READING scroll labelled LOXZUPE IRUMA.
  2504 | D:2      | 2504 ||| READING scroll labelled XAJIB GEHOPLE.
  2605 | D:2      | 2605 ||| DRINKING 4 viscous yellow potions.
  2606 | D:2      | 2606 ||| READING 3 scrolls of identify.
  2606 | D:2      | 2606 ||| IDENTIFYING bubbling golden potion
  2607 | D:2      | 2607 ||| READING 2 scrolls of identify.
  2607 | D:2      | 2607 ||| IDENTIFYING smoky sapphire potion
  2608 | D:2      | 2608 ||| DROPPING potion of brilliance.
  2609 | D:2      | 2609 ||| DROPPING potion of berserk rage.
  2705 | D:3      | Found a faded altar of an unknown god.
  2804 | D:3      | 2804 ||| DROPPING +0 mace.
  2855 | D:3      | 2855 ||| Stepping ~*~*~tactically~*~*~ (stealth).
  2856 | D:3      | 2856 ||| Stepping ~*~*~tactically~*~*~ (stealth).
  2858 | D:3      | 2858 ||| Stepping ~*~*~tactically~*~*~ (stealth).
  2860 | D:3      | 2860 ||| Stepping ~*~*~tactically~*~*~ (stealth).
  2861 | D:3      | 2861 ||| Stepping ~*~*~tactically~*~*~ (stealth).
  2865 | D:3      | 2865 ||| Stepping ~*~*~tactically~*~*~ (stealth).
  2878 | D:3      | 2878 ||| Stepping ~*~*~tactically~*~*~ (stealth).
  2890 | D:3      | 2890 ||| Stepping ~*~*~tactically~*~*~ (stealth).
  3065 | D:3      | 3065 ||| Stepping ~*~*~tactically~*~*~ (hiding).
  3066 | D:3      | 3066 ||| INVOKING Berserk.
  3073 | D:3      | Reached skill level 5 in Axes
  3073 | D:3      | Reached XP level 5. HP: 32/32 MP: 5/5
  3627 | D:3      | 3627 ||| UPGRADING to +0 cloak.
  3632 | D:3      | 3632 ||| READING scroll labelled SYNTIA TUCINAU.
  3633 | D:3      | 3633 ||| READING scroll labelled CALACL AFUC.
  3634 | D:3      | 3634 ||| DRINKING 2 emerald potions.
  3635 | D:3      | 3635 ||| DRINKING 2 coppery potions.
  3635 | D:3      | Gained mutation: You occasionally lose the ability to read
                  | scrolls when taking damage. [potion of mutation]
  3635 | D:3      | Gained mutation: Your natural rate of healing is unusually
                  | fast. [potion of mutation]
  3635 | D:3      | Gained mutation: You are dopey. (Int -2) [potion of
                  | mutation]
  3636 | D:3      | 3636 ||| DRINKING potion of mutation.
  3636 | D:3      | Lost mutation: You are dopey. (Int -2) [potion of mutation]
  3636 | D:3      | Lost mutation: You occasionally lose the ability to read
                  | scrolls when taking damage. [potion of mutation]
  3636 | D:3      | Gained mutation: You passively map a small area around you.
                  | [potion of mutation]
  3636 | D:3      | Gained mutation: You are agile. (Dex +4, Str/Int -1)
                  | [potion of mutation]
  3637 | D:3      | 3637 ||| READING 3 scrolls of identify.
  3637 | D:3      | 3637 ||| IDENTIFYING bubbling emerald potion
  3638 | D:3      | 3638 ||| READING 2 scrolls of identify.
  3638 | D:3      | 3638 ||| IDENTIFYING viscous cyan potion
  3639 | D:3      | 3639 ||| DROPPING potion of invisibility.
  3640 | D:3      | 3640 ||| DROPPING potion of lignification.
  3641 | D:3      | 3641 ||| DROPPING potion of flight.
  3795 | D:4      | 3795 ||| Stepping ~*~*~tactically~*~*~ (stealth).
  3798 | D:4      | 3798 ||| Stepping ~*~*~tactically~*~*~ (stealth).
  3828 | D:4      | Reached skill level 3 in Armour
  3837 | D:4      | Found a broken altar of Ashenzari.
  4043 | D:4      | Reached ** piety under Trog
  4072 | D:4      | 4072 ||| Stepping ~*~*~tactically~*~*~ (stealth).
  4159 | D:4      | Reached XP level 6. HP: 38/38 MP: 6/6
  4177 | D:4      | 4177 ||| DRINKING 3 potions of curing.
  4177 | D:4      | 4177 ||| (to cure confusion)
  4300 | D:4      | Found a hide-covered altar of Uskayaw.
  4340 | D:4      | 4340 ||| Stepping ~*~*~tactically~*~*~ (hiding).
  4533 | D:4      | 4533 ||| READING scroll labelled YWATIA MUG OFA.
  4557 | D:5      | Entered Level 5 of the Dungeon
  4670 | D:5      | Noticed an ice beast
  4673 | D:5      | 4673 ||| INVOKING Berserk.
  4679 | D:5      | Killed an ice beast
  4680 | D:5      | Reached skill level 6 in Axes
  4814 | D:5      | Reached XP level 7. HP: 41/43 MP: 7/7
  4824 | D:5      | 4824 ||| INVOKING Berserk.
  5092 | D:5      | You fall into a shaft and drop 3 floors!
  5138 | D:8      | 5138 ||| Stepping ~*~*~tactically~*~*~ (hiding).
  5145 | D:8      | Noticed Prince Ribbit
  5150 | D:8      | 5150 ||| INVOKING Berserk.
  5159 | D:8      | Reached skill level 7 in Axes
  5160 | D:8      | Killed Prince Ribbit
  5161 | D:8      | Reached XP level 8. HP: 49/49 MP: 8/8
  5265 | D:8      | 5265 ||| UPGRADING to ring of positive energy.
  5277 | D:7      | 5277 ||| INVOKING Berserk.
  5482 | D:5      | 5482 ||| Stepping ~*~*~tactically~*~*~ (stealth).
  5490 | D:5      | 5490 ||| Stepping ~*~*~tactically~*~*~ (stealth).
  5508 | D:5      | 5508 ||| Stepping ~*~*~tactically~*~*~ (stealth).
  5527 | D:5      | Reached skill level 8 in Axes
  5722 | D:6      | Noticed Eustachio
  5727 | D:6      | 5727 ||| INVOKING Berserk.
  5739 | D:6      | Killed Eustachio
  5740 | D:6      | Reached skill level 6 in Fighting
  5903 | D:6      | Found a staircase to the Ecumenical Temple.
  5922 | D:6      | 5922 ||| Stepping ~*~*~tactically~*~*~ (stealth).
  5964 | D:6      | 5964 ||| Stepping ~*~*~tactically~*~*~ (stealth).
  5965 | D:6      | 5965 ||| Stepping ~*~*~tactically~*~*~ (stealth).
  5971 | D:6      | 5971 ||| Stepping ~*~*~tactically~*~*~ (stealth).
  5976 | D:6      | 5976 ||| Stepping ~*~*~tactically~*~*~ (hiding).
  6053 | D:6      | 6053 ||| INVOKING Berserk.
  6336 | D:6      | 6336 ||| Stepping ~*~*~tactically~*~*~ (stealth).
  6338 | D:6      | 6338 ||| Stepping ~*~*~tactically~*~*~ (hiding).
  6345 | D:6      | 6345 ||| INVOKING Berserk.
  6637 | D:6      | Noticed Blork the orc
  6638 | D:6      | 6638 ||| Stepping ~*~*~tactically~*~*~ (hiding).
  6639 | D:6      | 6639 ||| Stepping ~*~*~tactically~*~*~ (hiding).
  6644 | D:6      | 6644 ||| INVOKING Berserk.
  6645 | D:6      | Noticed Edmund
  6651 | D:6      | Killed Blork the orc
  6652 | D:6      | Reached XP level 9. HP: 55/55 MP: 9/9
  6658 | D:6      | Killed Edmund
  6659 | D:6      | Reached skill level 9 in Axes
  6763 | D:6      | 6763 ||| DROPPING +0 flail.
  6884 | D:6      | 6884 ||| Stepping ~*~*~tactically~*~*~ (stealth).
  7027 | D:6      | 7027 ||| INVOKING Berserk.
  7183 | D:6      | Found a runed translucent door.
  7184 | D:6      | Noticed Crazy Yiuf
  7219 | D:6      | Found a basalt altar of Yredelemnul.
  7291 | D:6      | 7291 ||| UPGRADING to +0 kite shield.
  7296 | D:6      | 7296 ||| UPGRADING to +0 pair of gloves.
  7301 | D:6      | 7301 ||| DRINKING 3 sedimented dark potions.
  7302 | D:6      | 7302 ||| DRINKING 3 puce potions.
  7303 | D:6      | 7303 ||| READING 3 scrolls of identify.
  7303 | D:6      | 7303 ||| IDENTIFYING sedimented puce potion
  7304 | D:6      | 7304 ||| READING 2 scrolls of identify.
  7304 | D:6      | 7304 ||| IDENTIFYING cyan potion
  7305 | D:6      | 7305 ||| DROPPING potion of degeneration.
  7306 | D:6      | 7306 ||| DROPPING potion of attraction.
  7356 | D:7      | 7356 ||| INVOKING Berserk.
  7582 | D:7      | Reached skill level 1 in Shields
  7585 | D:7      | 7585 ||| DRINKING 4 potions of curing.
  7585 | D:7      | 7585 ||| (to cure confusion)
  7608 | D:7      | 7608 ||| INVOKING Berserk.
  7943 | D:7      | Reached skill level 3 in Shields
  7984 | D:7      | Reached skill level 1 in Throwing
  8124 | D:7      | 8124 ||| UPGRADING to +2 cloak.
  8134 | D:7      | 8134 ||| DROPPING +0 cloak.
  8135 | D:7      | 8135 ||| UPGRADING to +6 ring of dexterity.
  8190 | D:8      | 8190 ||| Stepping ~*~*~tactically~*~*~ (stealth).
  8194 | D:8      | 8194 ||| Stepping ~*~*~tactically~*~*~ (stealth).
  8230 | D:8      | Reached skill level 6 in Shields
  8241 | D:8      | Reached *** piety under Trog
  8290 | D:8      | Noticed a troll
  8291 | D:8      | 8291 ||| Stepping ~*~*~tactically~*~*~ (stealth).
  8292 | D:8      | 8292 ||| INVOKING Berserk.
  8296 | D:8      | Killed a troll
  8297 | D:8      | Reached XP level 10. HP: 61/61 MP: 10/10
  8432 | D:8      | 8432 ||| Stepping ~*~*~tactically~*~*~ (stealth).
  8638 | D:8      | Found a staircase to the Lair.
  8639 | D:8      | 8639 ||| INVOKING Berserk.
  8778 | D:8      | Reached skill level 6 in Armour
  9058 | D:8      | Noticed Grum
  9060 | D:8      | 9060 ||| Stepping ~*~*~tactically~*~*~ (hiding).
  9065 | D:8      | 9065 ||| INVOKING Berserk.
  9100 | D:8      | Killed Grum
  9108 | D:8      | 9108 ||| Stepping ~*~*~tactically~*~*~ (stealth).
  9219 | D:8      | 9219 ||| Stepping ~*~*~tactically~*~*~ (stealth).
  9432 | D:8      | 9432 ||| PLANNING LAIR
  9432 | D:8      | 9432 ||| DROPPING amulet of the acrobat.
  9433 | D:8      | 9433 ||| READING 3 scrolls labelled APNAPN YHYSIBU.
  9445 | D:8      | 9445 ||| READING scroll labelled GUERAOBANE.
  9446 | D:8      | 9446 ||| READING 2 scrolls labelled WAGEEMP IREU.
  9447 | D:8      | 9447 ||| DROPPING 2 scrolls of torment.
  9448 | D:8      | 9448 ||| DROPPING scroll of fog.
  9494 | Lair:1   | Entered Level 1 of the Lair of Beasts
  9510 | Lair:1   | Noticed a cane toad
  9514 | Lair:1   | 9514 ||| INVOKING Berserk.
  9523 | Lair:1   | Killed a cane toad
  9524 | Lair:1   | Reached skill level 9 in Shields
  9541 | Lair:1   | Noticed a cane toad
  9546 | Lair:1   | Noticed a cane toad
  9563 | Lair:1   | Killed a cane toad
  9588 | Lair:1   | Noticed a cane toad
  9589 | Lair:1   | 9589 ||| INVOKING Berserk.
  9595 | Lair:1   | Killed a cane toad
  9610 | Lair:1   | Reached skill level 10 in Axes
  9752 | Lair:1   | 9752 ||| INVOKING Berserk.
  9779 | Lair:1   | Reached XP level 11. HP: 68/68 MP: 11/11
  9782 | Lair:1   | Reached skill level 3 in Throwing
  9802 | Lair:1   | Noticed a four-headed hydra
  9806 | Lair:1   | 9806 ||| SWAPPING to +0 flail of protection.
  9816 | Lair:1   | 9816 ||| Stepping ~*~*~tactically~*~*~ (outnumbered).
  9817 | Lair:1   | 9817 ||| Stepping ~*~*~tactically~*~*~ (outnumbered).
  9823 | Lair:1   | HP: 17/68 [four-headed hydra (3)]
  9824 | Lair:1   | 9824 ||| READING 4 scrolls of teleportation.
  9824 | Lair:1   | HP: 7/68 [four-headed hydra (7)]
  9825 | Lair:1   | 9825 ||| DRINKING 2 potions of heal wounds.
  9826 | Lair:1   | 9826 ||| DRINKING potion of heal wounds.
  9828 | Lair:1   | 9828 ||| SWAPPING to +0 vampiric hand axe.
  9874 | Lair:1   | 9874 ||| Stepping ~*~*~tactically~*~*~ (stealth).
  9875 | Lair:1   | 9875 ||| Stepping ~*~*~tactically~*~*~ (stealth).
  9883 | Lair:1   | 9883 ||| Stepping ~*~*~tactically~*~*~ (stealth).
  9918 | Lair:1   | Reached skill level 3 in Dodging
  9956 | Lair:1   | 9956 ||| Stepping ~*~*~tactically~*~*~ (stealth).
  9957 | Lair:1   | 9957 ||| Stepping ~*~*~tactically~*~*~ (stealth).
  9958 | Lair:1   | 9958 ||| Stepping ~*~*~tactically~*~*~ (stealth).
  9959 | Lair:1   | 9959 ||| Stepping ~*~*~tactically~*~*~ (stealth).
  9963 | Lair:1   | 9963 ||| SWAPPING to +0 flail of protection.
  9965 | Lair:1   | 9965 ||| INVOKING Berserk.
  9974 | Lair:1   | Killed a four-headed hydra
  9981 | Lair:1   | 9981 ||| SWAPPING to +0 vampiric hand axe.
 10114 | Lair:1   | 10114 ||| INVOKING Berserk.
 10262 | Lair:1   | 10262 ||| INVOKING Berserk.
 10434 | Lair:1   | 10434 ||| INVOKING Berserk.
 10447 | Lair:1   | Reached skill level 11 in Axes
 10596 | Lair:1   | 10596 ||| Stepping ~*~*~tactically~*~*~ (stealth).
 10597 | Lair:1   | 10597 ||| Stepping ~*~*~tactically~*~*~ (stealth).
 11056 | Lair:1   | 11056 ||| UPGRADING to +0 pair of boots.
 11061 | Lair:1   | 11061 ||| DROPPING ring of magical power.
 11062 | Lair:1   | 11062 ||| READING 3 scrolls labelled HEHAKO SEAFICY.
 11063 | Lair:1   | 11063 ||| DROPPING 2 scrolls of immolation.
 11174 | Lair:2   | Noticed a seven-headed hydra
 11178 | Lair:2   | 11178 ||| SWAPPING to +0 flail of protection.
 11179 | Lair:2   | 11179 ||| INVOKING Berserk.
 11197 | Lair:2   | HP: 15/68 [seven-headed hydra (10)]
 11197 | Lair:2   | HP: 4/68 [seven-headed hydra (4)]
 11198 | Lair:2   | 11198 ||| READING 4 scrolls of teleportation.
 11198 | Lair:2   | Slain by a seven-headed hydra

Levels and vault maps discovered:
D:1:      minmay_arrival_shattered_statue, layout_rooms, minmay_small_reverse_x
D:2:      layout_loops_corners, kennysheep_generic_room_13, uniq_natasha
D:3:      layout_basic, dreamdust_ecumenical_altar_statues, minivault_23
D:4:      layout_basic, kennysheep_mini_moat, general_overflow_altar,
          hangedman_decor_diamond_cutter
D:5:      layout_basic
D:6:      layout_loops_corners, mainiacjoe_overflow_alcove_4,
          minmay_temple_entry_waves, minivault_23, palyth_stone_intersect,
          dk_vineyard_3, uniq_crazy_yiuf_cottage, uniq_blork_the_orc,
          uniq_edmund, uniq_eustachio
D:7:      layout_basic
D:8:      layout_cave_pods, grunt_lair_entry_orc_guard_hut, enter_bailey_3,
          abandoned_shop, hangedman_abyss_or_decor_clamps, uniq_prince_ribbit1,
          uniq_grum
Lair:1:   layout_loops_ring, serial_bayou_shore_b, grunt_megastairs_1
Lair:2:   layout_cave_shapes, elwin_shoals_entry_stream,
          guppyfry_snake_entry_island, uniq_sonja

Skill      XL: |  1  2  3  4  5  6  7  8  9 10 11 |
---------------+----------------------------------+-----
Axes           | 3 4 5 6 7 8 9 10 11 | 11.0
Armour         | 3 4 5 6 8 |  8.0
Fighting       | 4 5 6 8 |  8.1
Shields        | 7 9 10 | 10.0
Throwing       | 1 2 3 |  3.5
Dodging        | 2 3 |  3.1

Action                   |  1- 3 |  4- 6 |  7- 9 | 10-12 || total
-------------------------+-------+-------+-------+-------++-------
Melee: Hand axe          |    96 |   210 |   336 |   375 ||  1017
       Punch             |       |     2 |     2 |       ||     4
       Flail             |       |       |       |    42 ||    42
Throw: Javelin           |       |       |     5 |    21 ||    26
       Boomerang         |       |       |       |    11 ||    11
Invok: Berserk           |     4 |     2 |    11 |    10 ||    27
  Use: Scroll            |     5 |    10 |     2 |     6 ||    23
       Potion            |     1 |     5 |     3 |     2 ||    11
Armor: Animal skin       |    14 |       |       |       ||    14
       Plate armour      |    29 |   127 |   184 |   236 ||   576
Dodge: Dodged            |    33 |    41 |    61 |    92 ||   227
Block: Other             |     4 |    38 |    43 |       ||    85
       Reflection        |       |     2 |     6 |       ||     8
       Kite shield       |       |       |    93 |   412 ||   505

Table legend:
 A = Non-vault XP
 B = Vault XP
 C = Vault XP percentage of total XP
 D = Non-vault monster count
 E = Vault monster count
 F = Vault count percentage of total count
                 A         B        C        D         E       F
            +---------+---------+-------+---------+---------+-------
      Total |   12968 |    3274 |  20.2 |     174 |      26 |  13.0
            +---------+---------+-------+---------+---------+-------
        D:1 |      15 |       6 |  28.6 |       8 |       4 |  33.3
        D:2 |      32 |      39 |  54.9 |      13 |       3 |  18.8
        D:3 |     112 |       0 |   0.0 |      24 |       0 |   0.0
        D:4 |     224 |       0 |   0.0 |      16 |       0 |   0.0
        D:5 |     487 |       0 |   0.0 |      10 |       0 |   0.0
        D:6 |     603 |     489 |  44.8 |      18 |       3 |  14.3
        D:7 |     932 |       0 |   0.0 |      19 |       0 |   0.0
        D:8 |    2282 |    1326 |  36.8 |      30 |      13 |  30.2
     Lair:1 |    6996 |    1414 |  16.8 |      29 |       3 |   9.4
     Lair:2 |    1285 |       0 |   0.0 |       7 |       0 |   0.0
            +---------+---------+-------+---------+---------+-------
